Map: Glittering Ashes LE

Players

Warthog - Winner!

  • Race: Terran Terran
  • League: Diamond
  • Spawn Location: 1:00

FDX

  • Race: Protoss Protoss
  • League: Diamond
  • Spawn Location: 7:00

VOD

Have the link to the VOD?

Description

Time

  • Played on: Dec. 7, 2021, 8:43 p.m.
  • Length: 11:15
Show
View Real Time Build Order
Export as new Build Order

Warthog Terran - Winner!

Build Orders:  

Get SALT Encoding   

  12  0:00  SCV  
  13  0:13  SCV  
  14  0:17  Supply Depot  
  14  0:25  SCV  
  15  0:39  SCV  
  15  0:40  Barracks  
  16  0:44  Refinery  
  16  0:57  SCV  
  17  1:09  SCV  
  18  1:21  SCV  
  19  1:30  Marine  
  20  1:33  Orbital Command  
  20  1:46  Command Center  
  20  1:56  Barracks Reactor  
  20  1:59  SCV  
  21  2:10  Supply Depot  
  21  2:11  SCV  
  22  2:15  Factory  
  22  2:21  Refinery  
  22  2:23  SCV  
  23  2:31  Marine  
  23  2:32  Marine  
  23  2:36  SCV  
  26  2:48  SCV  
  26  2:50  Marine x2  
  29  2:59  Bunker  
  29  3:00  Hellion, Starport  
  29  3:04  SCV  
  32  3:11  Orbital Command  
  32  3:17  SCV  
  33  3:22  Hellion  
  33  3:23  Marine  
  33  3:24  Marine  
  37  3:30  SCV  
  38  3:36  Medivac  
  38  3:37  SCV  
  38  3:41  Marine  
  42  3:44  Supply Depot  
  42  3:47  Hellion  
  44  3:50  SCV  
  44  3:51  SCV  
  46  4:02  Barracks  
  46  4:03  Barracks  
  46  4:05  SCV  
  47  4:13  SCV  
  48  4:17  SCV, Factory Tech Lab  
  48  4:18  Starport Tech Lab  
  48  4:19  Marine x2  
  51  4:25  SCV  
  51  4:26  Supply Depot  
  51  4:29  SCV  
  51  4:30  Refinery  
  53  4:32  Refinery  
  53  4:41  SCV  
  54  4:47  Raven, Siege Tank  
  59  4:54  SCV  
  59  4:55  Marine x2  
  59  4:56  Barracks Tech Lab x2  
  56  5:00  Barracks x2  
  55  5:08  SCV  
  55  5:09  SCV  
  57  5:17  Supply Depot  
  57  5:19  Engineering Bay  
  57  5:20  SCV, Marauder x2  
  62  5:32  Siege Tank, Marine  
  62  5:35  Supply Depot  
  66  5:36  SCV  
  66  5:40  Supply Depot  
  66  5:41  Marauder  
  69  5:52  Marine x2  
  69  5:53  Marauder, Starport Reactor  
  69  5:55  SCV  
  74  6:00  Stimpack  
  74  6:01  Combat Shield  
  74  6:03  Marauder  
  76  6:11  Marine  
  76  6:14  Marauder  
  79  6:20  Marine  
  79  6:21  SCV x2  
  79  6:22  Marine  
  79  6:24  Marauder  
  85  6:27  Marine  
  85  6:29  Terran Infantry Weapons Level 1  
  85  6:30  Supply Depot  
  86  6:35  Marauder  
  86  6:36  Supply Depot  
  86  6:38  Medivac x2  
  92  6:46  Marauder  
  94  6:51  Marine x3  
  94  6:53  Siege Tank  
  94  6:54  Supply Depot  
  100  6:58  Marauder, Marine  
  100  6:59  Supply Depot  
  103  7:06  Marine  
  104  7:11  Medivac  
  104  7:12  Medivac, Marine x2  
  104  7:15  Marine  
  111  7:19  Marine  
  111  7:20  Concussive Shells, Marauder  
  114  7:25  Marauder  
  116  7:30  Siege Tank, Marine  
  116  7:31  Marine  
  116  7:35  Supply Depot  
  121  7:37  Supply Depot  
  121  7:41  Medivac, Marauder  
  121  7:43  Marine  
  126  7:46  Marauder  
  128  7:52  Marine  
  129  7:59  Marine  
  129  8:03  Marauder  
  132  8:06  Marine  
  132  8:07  Supply Depot  
  132  8:08  Marauder  
  135  8:16  Marine x2  
  135  8:17  Marine  
  138  8:24  Marauder, Marine  
  141  8:29  Marauder  
  141  8:34  Marine  
  141  8:45  Marauder  
  141  8:50  Marauder  
  141  9:07  Marauder  
Show
View Real Time Build Order
Export as new Build Order

FDX Protoss 

Build Orders: 1 Gate Expand, Blink Stalkers 

Get SALT Encoding   

  12  0:00  Probe  
  13  0:12  Probe  
  14  0:22  Pylon  
  14  0:25  Probe  
  15  0:40  Probe (Chrono Boost)  
  16  0:47  Gateway  
  16  0:51  Assimilator  
  16  0:52  Probe (Chrono Boost)  
  17  0:57  Probe (Chrono Boost)  
  18  1:07  Probe  
  19  1:22  Nexus  
  19  1:35  Cybernetics Core  
  19  1:40  Pylon  
  19  1:42  Probe  
  20  1:47  Assimilator  
  20  1:54  Probe (Chrono Boost)  
  21  2:06  Probe (Chrono Boost)  
  22  2:08  Gateway  
  22  2:09  Stalker (Chrono Boost)  
  24  2:16  Warp Gate  
  24  2:19  Probe  
  25  2:32  Stalker  
  27  2:37  Probe (Chrono Boost)  
  27  2:42  Probe (Chrono Boost)  
  29  2:47  Probe (Chrono Boost)  
  29  2:50  Twilight Council  
  29  2:51  Probe (Chrono Boost)  
  31  2:52  Probe (Chrono Boost)  
  32  3:01  Probe  
  32  3:03  Pylon  
  33  3:07  Stalker  
  33  3:11  Probe  
  36  3:13  Probe  
  37  3:21  Blink (Chrono Boost)  
  37  3:23  Probe, Stalker  
  37  3:25  Probe  
  41  3:35  Probe  
  41  3:37  Probe  
  41  3:40  Assimilator  
  43  3:47  Robotics Facility  
  43  3:49  Probe  
  43  3:50  Probe  
  45  4:00  Pylon  
  45  4:01  Probe  
  45  4:02  Probe  
  47  4:06  Gateway  
  47  4:08  Gateway  
  47  4:13  Probe  
  47  4:14  Probe  
  47  4:15  Stalker  
  51  4:18  Stalker  
  53  4:29  Pylon  
  53  4:32  Pylon  
  53  4:35  Observer  
  54  4:39  Probe x2  
  54  4:42  Stalker x2  
  43  4:58  Probe x2  
  43  4:59  Warp Prism  
  41  5:10  Probe x2 (Chrono Boost)  
  43  5:22  Probe (Chrono Boost)  
  43  5:28  Probe (Chrono Boost), Stalker x2  
  49  5:31  Probe (Chrono Boost)  
  51  5:35  Probe (Chrono Boost)  
  51  5:36  Probe (Chrono Boost)  
  52  5:49  Probe (Chrono Boost), Stalker x2  
  58  5:50  Probe (Chrono Boost)  
  58  6:00  Probe (Chrono Boost)  
  58  6:03  Probe (Chrono Boost), Stalker x2  
  64  6:11  Probe  
  64  6:18  Probe  
  64  6:23  Probe  
  66  6:27  Charge  
  66  6:30  Probe  
  67  6:35  Probe  
  68  6:42  Probe  
  69  6:47  Probe  
  69  6:49  Nexus  
  69  6:50  Assimilator  
  69  6:52  Robotics Bay  
  70  6:55  Probe  
  70  6:56  Forge  
  70  6:59  Probe  
  72  7:07  Probe  
  73  7:11  Probe  
  74  7:17  Zealot x2  
  74  7:19  Protoss Ground Weapons Level 1 (Chrono Boost)  
  78  7:31  Pylon  
  78  7:34  Forge  
  78  7:40  Pylon x2  
  78  7:43  Probe x2  
  74  7:53  Zealot x4  
  74  7:55  Colossus (Chrono Boost)  
  74  7:56  Probe x2  
  90  8:08  Probe x2  
  92  8:14  Zealot x3  
  92  8:15  Zealot  
  92  8:17  Probe  
  101  8:20  Probe x2  
  97  8:29  Probe, Protoss Ground Armor Level 1 (Chrono Boost)  
Tags
 
Add a new tag
Caveats
  • Supply blocks, unpowered buildings, or Contaminate may cause inaccurate times.
  • Supply counts are checked every 10 seconds.